 Dungeon Crawl Stone Soup version 0.31-a0-844-gdc52ec4e09 (webtiles) character file.

Game seed: 7839437537330740803

101 Ethylacetat the Changeling (level 4, -1/29 HPs)
             Began as an Octopode Shapeshifter on Sept 30, 2023.
             Slain by Grinder (4 damage)
             ... while paralysed by Grinder
             ... on level 3 of the Dungeon.
             The game lasted 00:02:02 (1538 turns).

Ethylacetat the Changeling (Octopode Shapeshifter)  Turns: 1538, Time: 00:02:02

Health: -1/29      AC:  1    Str: 13    XL:     4   Next: 75%
Magic:  4/4        EV:  2    Int: 12    God:
Gold:   108        SH:  0    Dex: 13    Spells: 3/3 levels left

rFire   . . .        h - +2 dagger (vamp)
rCold   . . .        (no shield)
rNeg    . . .        (helmet currently unavailable)
rPois   .            (no amulet)
rElec   .            (no ring)
rCorr   .            (no ring)
SInv    .            (no ring)
Will    .....        (no ring)
Stlth   +++          (no ring)
HPRegen 0.24/turn    (no ring)
MPRegen 0.09/turn    (no ring)
                     (no ring)

%: no passive effects
@: paralysed, beast-form
A: beast (slay +2), almost no armour, amphibious, 8 rings, camouflage 1,
gelatinous body 1, (nimble swimmer 1), tentacles
a: Begin Untransformation


You were on level 3 of the Dungeon.
You were a hulking beast.
You visited 1 branch of the dungeon, and saw 3 of its levels.

You collected 108 gold pieces.

Inventory:

Hand Weapons
 h - a +2 vampiric dagger (weapon)
Talismans
 b - a beast talisman (active)
 c - a flux talisman
Wands
 l - a wand of quicksilver (8)
Scrolls
 d - a scroll of identify {unknown}
 e - 3 scrolls of blinking {unknown}
 f - a scroll of poison {unknown}
 g - 4 scrolls of fog {unknown}
 i - a scroll of immolation {unknown}
 m - a scroll of enchant armour {unknown}
Potions
 a - a potion of lignification
 j - 2 potions of curing {unknown}
 k - a potion of mutation {unknown}


   Skills:
 + Level 1.8 Fighting
 + Level 0.8 Short Blades
 + Level 2.6 Dodging
 + Level 1.5 Stealth
 + Level 3.5 Unarmed Combat
 * Level 3.7 Shapeshifting


You had 3 spell levels left.
You didn't know any spells.
Your spell library contained the following spells:

 Spells                   Type           Power      Damage    Failure   Level
 Ignite Poison            Fire/Tmut/Pois 0%         N/A       69%         3
 Sticky Flame             Conj/Fire      0%         2d3       97%         4
 Ignition                 Fire           0%         3d3       100%        8


Dungeon Overview and Level Annotations

Branches:
Dungeon (3/15)

Altars:

Shops:
D:3 :(

Annotations:
D:3 Grinder


Innate Abilities, Weirdness & Mutations

You are a hulking beast.
Your limbs bulge with bestial killing power. (Slay +2)
You cannot wear most types of armour.
You are amphibious.
You can wear up to eight rings at the same time.
Your skin changes colour to match your surroundings (Stealth+).
Your rubbery body absorbs attacks. (AC +1, EV +1)
((You are camouflaged when in or above water. (Stealth+)))
You have tentacles for arms and can constrict up to eight enemies at once.


Message History

The jackal bites you.
You hit the jackal. You grab the jackal. You squeeze the jackal.
You kill the jackal!
The jackal misses you.
You hit the jackal.
You feel better.
Your grab misses the jackal.
You squeeze the jackal, but do no damage.
The jackal is almost dead.
The jackal closely misses you.
You hit the jackal.
You feel better.
You kill the jackal!
You barely miss the jackal. Your grab misses the jackal.
You squeeze the jackal.
The jackal is severely wounded.
The jackal misses you.
The jackal bites you but does no damage.
You hit the jackal.
You kill the jackal!
Grinder blinks!
Grinder says, "You look like you could use a good racking."
You hit Grinder. You grab Grinder. You squeeze Grinder.
Grinder is lightly wounded.
You constrict Grinder, but do no damage.
Grinder barely misses you.
You barely miss Grinder.
Grinder is lightly wounded.
You constrict Grinder. Grinder hits you!
You writhe in agony.
You hit Grinder.
Grinder is lightly wounded.
You constrict Grinder.
Grinder blinks free!
You hit Grinder but do no damage. Your grab misses Grinder.
Grinder is lightly wounded.
Grinder gestures at you.
You suddenly lose the ability to move!
Grinder hits you.
You writhe in agony.
* * * LOW HITPOINT WARNING * * *
Grinder hits you.
* * * LOW HITPOINT WARNING * * *
You writhe in agony.
You die...
Grinder says, "Now the real fun starts!"

#### ## #.......
......# #..#.#
#### #....####...
.... ...#
#.####.###..#####<
#......5h†....>...
#......###..#####.
######## #........
#.####### ##.##
#...# #...# #...#
#####...##### ..


You could see Grinder.

Vanquished Creatures
  2 adders (D:2)
  A dart slug (D:2)
  4 orcs (D:3)
  3 ball pythons (D:1)
  5 endoplasms
  2 giant cockroaches
  11 goblins
  4 hobgoblins
  6 jackals
  5 quokkas
  3 bats (D:1)
  5 frilled lizards
  10 kobolds
  7 rats
68 creatures vanquished.

Notes
Turn   | Place    | Note
-------+----------+-------------------------------------------
     0 | D:1      | Ethylacetat the Octopode Shapeshifter began the quest for
                  | the Orb.
     0 | D:1      | Reached XP level 1. HP: 13/13 MP: 1/1
   138 | D:1      | Reached XP level 2. HP: 18/18 MP: 2/2
   409 | D:1      | Reached XP level 3. HP: 20/23 MP: 3/3
   822 | D:2      | Reached skill level 1 in Stealth
   883 | D:2      | Reached XP level 4. HP: 25/28 MP: 4/4
  1349 | D:3      | Found Ucanokk's Antique Weapon Emporium.
  1473 | D:3      | Found Mamutil's Vocational Training.
  1516 | D:3      | Noticed Grinder
  1536 | D:3      | Paralysed by Grinder for 5 turns
  1538 | D:3      | Slain by Grinder

Illustrated notes

Levels and vault maps discovered:
D:1:      wheals_arrival_shading, layout_basic, minmay_tall_x
D:2:      layout_loops_ring
D:3:      layout_loops_cross, serial_shops, nicolae_shop_peninsula,
          nicolae_shop_vocational, uniq_grinder

Skill      XL: |  1  2  3 |
---------------+----------+-----
Stealth        | 1 |  1.5
Fighting       | |  1.8
Short Blades   | |  0.8
Dodging        | |  2.6
Unarmed Combat | |  3.5
Shapeshifting  | |  3.7

Action                     |  1- 3 |  4- 6 || total
---------------------------+-------+-------++-------
  Melee: Unarmed           |    38 |       ||    38
         Constrict         |    15 |    13 ||    28
         Tentacles         |     8 |    13 ||    21
         Dagger            |    33 |    48 ||    81
   Stab: Sleeping          |     8 |     3 ||    11
 Armour: Skin              |    19 |    19 ||    38
  Dodge: Dodged            |    36 |    17 ||    53

Table legend: (Time is in decaauts)
 A = Elapsed time spent in this place.
 B = Non-inter-level travel time spent in this place.
 C = Inter-level travel time spent in this place.
 D = Time resting spent in this place.
 E = Time spent auto-exploring this place.
 F = Levels seen in this place.
 G = Mean time per level.
                   A        B        C        D        E       F      G
               +--------+--------+--------+--------+--------+-----+--------+
         Total |   1532 |   1503 |     29 |      0 |   1144 |   3 |  510.7 |
       Dungeon |   1532 |   1503 |     29 |      0 |   1144 |   3 |  510.7 |
               +--------+--------+--------+--------+--------+-----+--------+

Top non-repeatable levels by time:
     D:1: 708 daAuts
     D:2: 617 daAuts
     D:3: 206 daAuts
